 Dungeon Crawl Stone Soup version 0.17.0-1-g61d176b (webtiles) character file.

2095 Ijustatesigmund the Slinger (level 9, -2/55 HPs)
             Began as a Halfling Hunter on Nov 7, 2015.
             Slain by Psyche
             ... wielding a +2 dagger of chaos
              (8 damage)
             ... on level 8 of the Dungeon.
             The game lasted 00:19:29 (6071 turns).

Ijustatesigmund the Slinger (Halfling Hunter)       Turns: 6071, Time: 00:19:29

Health: -2/55      AC:  6    Str: 12    XL:     9   Next: 52%
Magic:  9/9        EV: 16    Int: 10    God:
Gold:   217        SH:  8    Dex: 23    Spells: 0 memorised, 8 levels left

rFire  . . .     SeeInvis .     c - +0 short sword
rCold  . . .     Clarity  .     r - +0 leather armour
rNeg   . . .     SustAt   .     p - +1 buckler
rPois  +         Gourm    .     f - +0 helmet
rElec  .         Spirit   .     D - +0 cloak {MR+}
rCorr  .         Warding  .     g - +0 pair of gloves
rMut   .         Stasis   .     (no boots)
MR     +....                    (no amulet)
Stlth  +++++.....               m - ring of poison resistance
                                j - +5 ring of dexterity

@: somewhat resistant to hostile enchantments, quite stealthy
A: mutation resistance 1
a: no special abilities


You were on level 8 of the Dungeon.
You were hungry.

You visited 1 branch of the dungeon, and saw 8 of its levels.

You collected 217 gold pieces.

Inventory:

Hand Weapons
 a - a +1 hunting sling
 c - a +0 short sword (weapon)
 h - a +0 dagger
 y - a +2 quarterstaff of chaos
Missiles
 i - 27 stones (quivered)
Armour
 f - a +0 helmet (worn)
 g - a +0 pair of gloves (worn)
 p - a +1 buckler (worn)
 r - a +0 leather armour (worn)
 D - a +0 cloak of magic resistance (worn)
Jewellery
 j - a +5 ring of dexterity (left hand)
 m - a ring of poison resistance (right hand)
 A - an uncursed amulet of stasis
Wands
 x - a wand of magic darts (16)
Scrolls
 l - 2 scrolls of recharging
Potions
 b - a potion of poison {unknown}
 k - a potion of agility {unknown}
 n - a potion of mutation
 s - a potion of ambrosia
 u - a potion of berserk rage {unknown}
 w - a potion of might
 z - a potion of curing
 B - a potion of flight {unknown}
Books
 v - a book of Debilitation

   Spells                             Type                      Level
   a - Corona                         Hexes                        1
   b - Slow                           Hexes                        2
   c - Gell's Gravitas                Hexes/Translocation          3
   d - Inner Flame                    Hexes/Fire                   3
   e - Cause Fear                     Hexes                        4
   f - Leda's Liquefaction            Hexes/Earth                  4
Comestibles
 d - 2 royal jellies
 e - 4 bread rations
 q - 6 fruits
 t - 2 meat rations


   Skills:
 + Level 2.4 Fighting
 - Level 3.3 Short Blades
 - Level 12.2 Slings
 + Level 3.0 Dodging
 - Level 8.4 Stealth
 - Level 4.0 Shields


You had 8 spell levels left.
You didn't know any spells.

Dungeon Overview and Level Annotations

Branches:
Dungeon (8/15)
 Temple: D:4-7         Lair: D:8-11

Altars:
Cheibriados
Makhleb
Okawaru
Ru
Sif Muna
Yredelemnul

Annotations:
D:7 Joseph
D:8 Psyche


Innate Abilities, Weirdness & Mutations

You are small and have problems with some larger weapons.
You are somewhat resistant to further mutation.


Message History

A puff of flame appears from out of thin air!
The puff of flame hits you!
You closely miss something. Something hits you.
You hit something but do no damage.
You are feeling hungry.
You block its attack.
You closely miss something. You miss something. Something hits you.
* * * LOW HITPOINT WARNING * * *
Something freezes you.
* * * LOW HITPOINT WARNING * * *
You closely miss something. Something hits you but does no damage.
You hear some strange, mumbled words.
A puff of frost appears from out of thin air!
The puff of frost hits you!
* * * LOW HITPOINT WARNING * * *
You miss something. Something hits you!
* * * LOW HITPOINT WARNING * * *
You are electrocuted!
You die...

#........##.(....!..
#........##....#####
#........##..(... .
#.........#.....## ..
#####.....#.....# ..#
#.....###.#.##...# #..#.##
#.#......# ..#
#..#.####.#.((((.###. ..#
#######.........@{((((((..
.... ............###.#.......#
.....
###.........###.#.......##....
#........................Z
#..........†........#..# .
#......................# ...
###.##.###........####.#...#.
#.##.# #................)...
#.##.# #...........#........


There were no monsters in sight!

Vanquished Creatures
  The ghost of Gorice the Stinger, a novice OpWn of Sif Muna (D:7)
  Grinder (D:5)
  Eustachio (D:5)
  A water moccasin (D:7)
  A phantom (D:4)
  2 ogres
  A black bear (D:8)
  Blork the orc (D:5)
  A giant frog (D:8)
  A scorpion (D:4)
  A crimson imp (D:8)
  5 orc priests
  A jelly (D:7)
  Crazy Yiuf (D:5)
  A giant frog skeleton (D:5)
  3 hounds
  4 orc wizards
  A centaur skeleton (D:8)
  2 iguanas (D:4)
  2 worker ants
  8 adders
  4 worms
  20 orcs
  3 giant cockroaches
  6 hobgoblins
  17 jackals
  3 kobolds
  A ball python (D:2)
  7 bats
  2 giant geckos
  5 giant newts
  4 goblins (D:1)
  A quokka zombie (D:7)
  13 rats
126 creatures vanquished.

Notes
Turn   | Place    | Note
--------------------------------------------------------------
     0 | D:1      | Ijustatesigmund the Halfling Hunter began the quest for the Orb.
     0 | D:1      | Reached XP level 1. HP: 14/14 MP: 1/1
   185 | D:1      | Reached skill level 6 in Slings
   361 | D:1      | You fall through a shaft!
   369 | D:2      | Reached XP level 2. HP: 17/19 MP: 2/2
   412 | D:2      | Found a faded altar to an unknown god.
   471 | D:2      | Found a sacrificial altar of Ru.
   534 | D:2      | Found a deep blue altar of Sif Muna.
   560 | D:2      | Reached skill level 7 in Slings
   560 | D:2      | Reached XP level 3. HP: 24/24 MP: 3/3
   834 | D:2      | Found an iron altar of Okawaru.
   866 | D:2      | Found a basalt altar of Yredelemnul.
   982 | D:1      | Reached skill level 1 in Short Blades
  1501 | D:1      | Reached XP level 4. HP: 29/29 MP: 4/4
  2437 | D:3      | Reached XP level 5. HP: 22/34 MP: 5/5
  2542 | D:3      | Reached skill level 8 in Slings
  3235 | D:4      | Reached skill level 1 in Shields
  3252 | D:4      | Reached XP level 6. HP: 28/39 MP: 6/6
  3519 | D:4      | Noticed a phantom
  3540 | D:4      | Killed a phantom
  3540 | D:4      | Reached XP level 7. HP: 20/44 MP: 7/7
  4006 | D:4      | Noticed an ogre
  4013 | D:4      | Killed an ogre
  4013 | D:4      | Reached skill level 9 in Slings
  4139 | D:5      | Entered Level 5 of the Dungeon
  4389 | D:4      | Reached XP level 8. HP: 46/49 MP: 8/8
  4701 | D:5      | Noticed Blork the orc
  4727 | D:5      | Killed Blork the orc
  4727 | D:5      | Reached skill level 10 in Slings
  4727 | D:5      | Reached skill level 5 in Stealth
  5019 | D:5      | Found a snail-covered altar of Cheibriados.
  5047 | D:5      | Noticed Eustachio
  5050 | D:5      | Killed Eustachio
  5196 | D:5      | Noticed Crazy Yiuf
  5203 | D:5      | Paralysed by Crazy Yiuf for 3 turns
  5211 | D:5      | Killed Crazy Yiuf
  5443 | D:5      | Found a burning altar of Makhleb.
  5508 | D:5      | Noticed Grinder
  5538 | D:5      | Killed Grinder
  5538 | D:5      | Reached skill level 11 in Slings
  5538 | D:5      | Reached XP level 9. HP: 37/54 MP: 9/9
  5725 | D:6      | You fall through a shaft!
  5762 | D:7      | Noticed Joseph
  5851 | D:7      | Noticed Gorice's ghost (novice OpWn)
  5869 | D:7      | Killed Gorice's ghost
  5869 | D:7      | Reached skill level 12 in Slings
  6040 | D:8      | Noticed Psyche
  6071 | D:8      | Slain by Psyche

Action                   |  1- 3 |  4- 6 |  7- 9 || total
-------------------------+-------+-------+-------++-------
Melee: Short sword       |       |       |    36 ||    36
       Dagger            |       |       |     1 ||     1
 Fire: Hunting sling     |    93 |   179 |   254 ||   526
  Use: Scroll            |       |     8 |     6 ||    14
       Potion            |       |       |     2 ||     2
 Stab: Sleeping          |       |       |     2 ||     2
  Eat: Chunk             |     1 |     6 |     6 ||    13
       Pizza             |       |       |     1 ||     1
